 Dungeon Crawl Stone Soup version 0.26.0-10-g1f06aea511 (webtiles) character file.

Game seed: 4164581825786730493

53666 Borgoz the Carver (level 14, -37/125 HPs)
             Began as a Ghoul Gladiator on Feb 1, 2021.
             Was a High Priest of Dithmenos.
             Killed from afar by Roxanne (58 damage)
             ... with a crystal spear
             ... on level 14 of the Dungeon.
             The game lasted 00:58:17 (25021 turns).

Borgoz the Carver (Ghoul Gladiator)                Turns: 25021, Time: 00:58:17

Health: -37/125    AC: 30    Str: 23    XL:     14   Next: 69%
Magic:  13/13      EV: 11    Int:  8    God:    Dithmenos [*****.]
Gold:   2003       SH:  5    Dex: 20    Spells: 13/13 levels left

rFire    + . .     SeeInvis .   a - +0 great sword (vamp)
rCold    + + .     Faith    .   (shield currently unavailable)
rNeg     + + +     Spirit   .   B - +4 gold dragon scales
rPois    ∞         Reflect  +   c - +1 helmet
rElec    .         Harm     .   p - +0 cloak
rCorr    +         Rampage  .   (no gloves)
Will     +....                  w - +2 pair of boots {Fly}
Stlth    ..........             f - amulet of reflection
HPRegen  0.00/turn              A - ring "Apailadgh" {rCorr Str+4 Int+5}
MPRegen  0.13/turn              u - +6 ring of dexterity

@: about to teleport, flying, wreathed by umbra
A: claws 1, cold resistance 1, negative energy resistance 3, inhibited
regeneration, torment resistance, unbreathing
a: Stop Flying, Renounce Religion, Shadow Step, Shadow Form


You were on level 14 of the Dungeon.
You worshipped Dithmenos.
Dithmenos was extremely pleased with you.
You visited 2 branches of the dungeon, and saw 16 of its levels.
You also visited: Sewer, Bailey and Ice Cave.

You collected 2120 gold pieces.
You spent 117 gold pieces at shops.

Inventory:

Hand Weapons
 a - a +0 vampiric great sword (weapon)
 b - the +7 falchion of Umotycvow {freeze, rN+ Will+ Int-2}
   (You found it on level 10 of the Dungeon)

   It has been specially enchanted to freeze those struck by it, causing extra
   injury to most foes and up to half again as much damage against particularly
   susceptible opponents.
   It can also slow down cold-blooded creatures.
   It affects your intelligence (-2).
   It protects you from negative energy.
   It affects your willpower, your defense against some magical effects.
Armour
 c - a +1 helmet (worn)
 p - a +0 cloak (worn)
 w - a +2 pair of boots of flying (worn)
 B - +4 gold dragon scales (worn)
Jewellery
 f - an amulet of reflection (around neck)
 g - a +6 ring of intelligence
 n - an uncursed ring of protection from cold
 u - a +6 ring of dexterity (right claw)
 A - the ring "Apailadgh" (left claw) {rCorr Str+4 Int+5}
   (You acquired it on level 14 of the Dungeon)

   [ring of resist corrosion]

   It affects your strength (+4).
   It affects your intelligence (+5).
   It provides partial protection from all sources of acid and corrosion.
Wands
 e - a wand of flame (28)
 k - a wand of acid (11)
 t - a wand of iceblast (7)
Scrolls
 d - 2 scrolls of teleportation
 h - a scroll of silence
 i - 2 scrolls of fear
 l - 6 scrolls of remove curse
 m - 6 scrolls of fog
 s - 5 scrolls of magic mapping
 v - 6 scrolls of identify
Potions
 j - a potion of magic
 q - 2 potions of haste
 r - 2 potions of ambrosia
 x - a potion of curing
 C - a potion of resistance
 D - a potion of heal wounds


   Skills:
 + Level 11.8 Fighting
 * Level 12.8 Long Blades
 - Level 1.7 Throwing
 + Level 11.8 Armour
 + Level 12.1 Dodging
 - Level 1.1 Shields
 + Level 3.8 Evocations


You had 13 spell levels left.
You didn't know any spells.
Your spell library contained the following spells:

 Spells                   Type           Power        Failure   Level
 Corona                   Hex            0%           100%        1
 Magic Dart               Conj           0%           100%        1
 Searing Ray              Conj           0%           100%        2
 Slow                     Hex            0%           100%        2
 Dazzling Flash           Conj/Hex       0%           100%        3
 Inner Flame              Hex/Fire       0%           100%        3
 Portal Projectile        Hex/Tloc       0%           100%        3
 Cause Fear               Hex            0%           100%        4
 Fulminant Prism          Conj/Hex       0%           100%        4
 Iskenderun's Mystic Bla  Conj/Tloc      0%           100%        4
 Leda's Liquefaction      Hex/Erth       0%           100%        4
 Summon Lightning Spire   Summ/Air       0%           100%        4
 Silence                  Hex/Air        0%           100%        5
 Yara's Violent Unravell  Hex/Tmut       0%           100%        5
 Conjure Ball Lightning   Conj/Air       0%           100%        6
 Discord                  Hex            0%           100%        8
 Tornado                  Air            0%           100%        9


Dungeon Overview and Level Annotations

Branches:
Dungeon (15/15) Temple (1/1) D:5 Lair (0/6) D:11 Orc (0/2) D:10 D:11 Vaults (0/5) D:13 Depths (0/5) D:15 Sewer (visited) Bailey (visited) IceCv (visited)

Altars:
Ashenzari
Cheibriados
Dithmenos
Elyvilon
Fedhas
Gozag
Hepliaklqana
Kikubaaqudgha
Makhleb
Nemelex Xobeh
Okawaru
Qazlal
Ru
Sif Muna
Trog
Uskayaw
Vehumet
Wu Jian
Xom
Yredelemnul
Zin
The Shining One

Shops:
D:4 !   D:14 *

Annotations:
D:14 Roxanne


Innate Abilities, Weirdness & Mutations

You thrive by killing the living.
You are immune to poison.
You have sharp fingernails.
Your flesh is cold resistant. (rC+)
You are immune to negative energy. (rN+++)
You do not regenerate when monsters are visible.
You are immune to unholy pain and torment.
You can survive without breathing.


Message History

Roxanne casts a spell.
The iron shot hits you.
You hit Roxanne.
Roxanne is lightly damaged.
Roxanne casts a spell.
The crystal spear hits you!!
You hit Roxanne.
Roxanne is moderately damaged.
Roxanne casts a spell.
The bolt of magma hits you!! You partially resist.
* * * LOW HITPOINT WARNING * * *
As you read the scroll of teleportation, it crumbles to dust.
You feel strangely unstable.
Roxanne casts a spell.
The bolt of magma hits you! You partially resist.
* * * LOW HITPOINT WARNING * * *
You feel better.
Roxanne casts a spell.
The crystal spear hits you!!!
You die...

#...<.....##........#...'....
#.........##........'.###....
#<.........#........### #....
#..........#........# #....
#...................# #..).
############........# #....
###........# #....
#..........# ###..
#.8@.####### #.. #....# #..
##...# ### #####


You could see Roxanne.

Vanquished Creatures
  A frost giant (IceCv)
  Erolcha (D:9)
  3 boulder beetles
  Harold (D:9)
  2 hydras
  A centaur warrior (D:15)
  A death knight (D:13)
  6 two-headed ogres
  6 death yaks
  The ghost of Raspi the Cleaver, a novice FoFi of Makhleb (D:8)
  3 unseen horrors
  2 wizards (D:15)
  2 orc knights
  2 necromancers
  A wolf spider zombie (D:15)
  3 ugly things
  3 deep elf magi
  An orc sorcerer (D:15)
  A manticore (D:12)
  4 cyclopes
  An ice statue (IceCv)
  2 gargoyles
  2 rime drakes (D:11)
  A kobold demonologist (D:15)
  A redback zombie (D:15)
  2 komodo dragons
  3 tengu conjurers
  3 trolls
  21 polar bears (IceCv)
  2 hornets
  3 slime creatures (D:8)
  Prince Ribbit (D:9)
  Sigmund (D:6)
  2 centaur simulacra (D:15)
  4 wraiths
  3 wyverns
  28 yaks
  2 steam dragons
  6 vampire mosquitoes (D:13)
  Menkaure (D:6)
  2 water moccasins
  4 necrophages
  5 ice beasts
  9 orc warriors
  A sky beast (D:9)
  5 ogres
  2 phantoms
  13 centaurs
  12 wolves (IceCv)
  2 big kobolds
  10 bullfrogs
  A gnoll sergeant (D:9)
  7 scorpions
  A troll zombie (D:7)
  26 killer bees
  23 wights
  2 howler monkeys
  3 bullfrog zombies
  5 centaur zombies
  A human zombie (D:7)
  2 bullfrog skeletons
  8 hounds
  6 jellies
  3 human skeletons (D:7)
  Crazy Yiuf (D:6)
  4 centaur skeletons
  9 orc priests
  6 iguanas
  15 orc wizards
  5 worker ants
  A killer bee zombie (D:6)
  An ogre zombie (D:7)
  A hound skeleton (D:6)
  A mummy (D:7)
  A howler monkey zombie (D:7)
  4 gnolls (D:9)
  15 adders
  2 howler monkey skeletons
  3 white imps
  3 ufetubi
  2 adder zombies
  2 adder skeletons
  3 worms
  7 leopard geckos
  66 orcs
  A ball python (D:4)
  10 giant cockroaches
  12 goblins
  10 hobgoblins
  11 jackals
  18 kobolds
  9 quokkas
  8 bats
  5 frilled lizards
  A giant cockroach zombie (D:5)
  A jackal zombie (D:8)
  A leopard gecko skeleton (D:4)
  An orc zombie (D:7)
  12 rats
539 creatures vanquished.

Vanquished Creatures (collateral kills)
  An orc wizard (D:7)
1 creature vanquished.

Vanquished Creatures (others)
  A naga mage (D:15)
  A sky beast (D:8)
  A wolf (IceCv)
3 creatures vanquished.

Grand Total: 543 creatures vanquished

Notes
Turn   | Place    | Note
-------+----------+-------------------------------------------
     0 | D:1      | Borgoz the Ghoul Gladiator began the quest for the Orb.
     0 | D:1      | Reached XP level 1. HP: 17/17 MP: 0/0
   184 | D:1      | Reached XP level 2. HP: 24/24 MP: 1/1
   643 | D:1      | Reached XP level 3. HP: 30/30 MP: 2/2
  1124 | D:2      | Reached skill level 1 in Armour
  1408 | D:2      | Found a sacrificial altar of Ru.
  1408 | D:2      | Found an opulent altar of Gozag.
  1410 | D:2      | Found a stormy altar of Qazlal.
  1650 | D:2      | Reached XP level 4. HP: 36/37 MP: 3/3
  1825 | D:2      | Found a basalt altar of Yredelemnul.
  2204 | D:3      | Found a shimmering blue altar of Sif Muna.
  2252 | D:3      | HP: 1/37 [orc priest/divine providence (14)]
  2518 | D:2      | Reached XP level 5. HP: 45/45 MP: 4/4
  2751 | D:3      | Found a blossoming altar of Fedhas.
  3329 | D:4      | Reached XP level 6. HP: 31/51 MP: 5/5
  4031 | D:4      | Reached XP level 7. HP: 58/58 MP: 6/6
  4611 | D:4      | Found Zysaz's Distillery.
  4617 | D:4      | Bought a potion of heal wounds for 65 gold pieces
  4617 | D:4      | Bought a potion of might for 52 gold pieces
  4757 | D:5      | Entered Level 5 of the Dungeon
  4849 | D:5      | Found a glowing drain.
  4858 | Sewer    | Entered a sewer
  4977 | Sewer    | Found a white marble altar of Elyvilon.
  5038 | D:5      | Found a hide-covered altar of Uskayaw.
  5041 | D:5      | Noticed a +0 hand axe
  5041 | D:5      | Noticed a +0 hand axe
  5048 | D:5      | Reached skill level 5 in Dodging
  5153 | D:5      | Found an ancient bone altar of Kikubaaqudgha.
  5175 | D:5      | Reached skill level 5 in Long Blades
  5198 | D:5      | HP: 2/59 [orc/+0 flail (9)]
  5460 | D:5      | Reached XP level 8. HP: 47/67 MP: 7/7
  5556 | D:5      | Found a staircase to the Ecumenical Temple.
  5628 | D:5      | Found a radiant altar of Vehumet.
  6111 | D:6      | Noticed Sigmund
  6122 | D:6      | Killed Sigmund
  6128 | D:6      | Reached skill level 5 in Fighting
  6645 | D:6      | Reached XP level 9. HP: 79/79 MP: 8/8
  6730 | D:6      | Reached XP level 10. HP: 83/86 MP: 9/9
  7125 | D:6      | Noticed Menkaure
  7134 | D:6      | Killed Menkaure
  7198 | D:6      | Found a runed translucent door.
  7198 | D:6      | Noticed Crazy Yiuf
  7384 | D:6      | Killed Crazy Yiuf
  7425 | D:7      | Found a shimmering altar of Xom.
  7425 | D:7      | Noticed an angel
  7426 | D:7      | Found a glowing silver altar of Zin.
  7466 | D:7      | Got an encrusted plate armour
  7477 | D:7      | Identified the +14 plate armour of Distant Worlds {Dex+4}
                  | (You found it on level 7 of the Dungeon)
  7573 | D:7      | Identified a scroll of acquirement
  7573 | D:7      | Acquired 1023 gold pieces
  7737 | D:7      | Got a masterwork chain mail
  7749 | D:7      | Identified the cursed +1 chain mail of Misanthropy {*Contam
                  | Int+7} (You found it on level 7 of the Dungeon)
  8059 | D:7      | Found a glowing golden altar of the Shining One.
  8249 | D:7      | Found an ancient bone altar of Kikubaaqudgha.
  8266 | D:7      | Reached skill level 1 in Evocations
  8381 | D:8      | Noticed a cyan ugly thing
  8407 | D:8      | Killed a cyan ugly thing
  8408 | D:8      | Reached skill level 1 in Shields
  8758 | Temple   | Entered the Ecumenical Temple
  8813 | Temple   | Became a worshipper of Dithmenos the Shadowed
  9052 | D:8      | Noticed Raspi's ghost (novice FoFi)
  9554 | D:8      | Found a transporter.
  9556 | D:8      | Found a transporter.
  9620 | D:8      | Killed Raspi's ghost
  9863 | D:9      | Reached XP level 11. HP: 80/94 MP: 10/10
 10604 | D:9      | Reached * piety under Dithmenos
 10916 | D:8      | Noticed a two-headed ogre
 10930 | D:8      | Killed a two-headed ogre
 11183 | D:9      | Noticed Erolcha
 11201 | D:9      | Killed Erolcha
 11503 | D:9      | Noticed Prince Ribbit
 11518 | D:9      | Reached skill level 10 in Long Blades
 11542 | D:9      | Found an ornate altar of the Wu Jian Council.
 11579 | D:9      | Noticed Harold
 11610 | D:9      | Killed Harold
 11630 | D:9      | Killed Prince Ribbit
 12221 | D:9      | Reached ** piety under Dithmenos
 12372 | D:10     | Entered Level 10 of the Dungeon
 12375 | D:10     | Noticed a two-headed ogre
 12600 | D:10     | Killed a two-headed ogre
 12678 | D:10     | Found an ornate altar of the Wu Jian Council.
 12809 | D:10     | Got a warped short sword
 12990 | D:10     | Got a crystal falchion
 12991 | D:10     | Identified the +7 falchion of Umotycvow {freeze, rN+ Will+
                  | Int-2} (You found it on level 10 of the Dungeon)
 13020 | D:10     | Identified the cursed +3 short sword of Vysib {drain,
                  | Dex+4} (You found it on level 10 of the Dungeon)
 13158 | D:11     | Found a staircase to the Orcish Mines.
 13158 | D:11     | Noticed a death yak
 13196 | D:11     | Reached XP level 12. HP: 106/106 MP: 11/11
 13215 | D:11     | Noticed a death yak
 13220 | D:11     | Noticed a death yak
 13221 | D:11     | Noticed a death yak
 13221 | D:11     | Noticed a death yak
 13257 | D:11     | Found a staircase to the Lair.
 13259 | D:11     | Noticed a boulder beetle
 13271 | D:11     | Noticed a two-headed ogre
 13295 | D:11     | Found a flagged portal.
 13305 | Bailey   | Entered a bailey
 13619 | D:11     | Found a frozen archway.
 13626 | IceCv    | Entered an ice cave
 13979 | IceCv    | Reached *** piety under Dithmenos
 14053 | IceCv    | Reached skill level 10 in Fighting
 14600 | IceCv    | Reached skill level 10 in Dodging
 15871 | IceCv    | Reached skill level 10 in Armour
 16124 | IceCv    | Noticed a death yak
 16124 | IceCv    | Noticed a frost giant
 16146 | IceCv    | Killed a death yak
 16158 | IceCv    | Reached **** piety under Dithmenos
 16173 | IceCv    | Killed a frost giant
 16174 | IceCv    | Reached XP level 13. HP: 16/114 MP: 12/12
 20542 | D:13     | Reached ***** piety under Dithmenos
 20728 | D:13     | Found a white marble altar of Elyvilon.
 21129 | D:13     | Reached XP level 14. HP: 73/124 MP: 13/13
 21336 | D:13     | Found a gate to the Vaults.
 22773 | D:14     | Found Ocyzuot's Changing Room.
 22775 | D:14     | Acquired the ring "Apailadgh" {rCorr Str+4 Int+5}
 23041 | D:14     | Identified Roxanne's Volume of the Rocks
 23041 | D:14     | Noticed Roxanne
 23447 | D:15     | Entered Level 15 of the Dungeon
 24843 | D:15     | Found a staircase to the Depths.
 25021 | D:14     | Killed from afar by Roxanne

Illustrated notes

Levels and vault maps discovered:
D:1:      lightli_arrival_windingriver, layout_basic
D:2:      layout_loops_ring, marbit_many_paths, grunt_temple_overflow_open,
          st_stairs_6, minmay_tall_x
D:3:      layout_loops_cross, fedhas_altar_2, led_sif_pool
D:4:      layout_loops_corners, serial_shops, shop
D:5:      layout_basic, old_standard_altar, lemuel_doored_altar,
          dancing_weapons_uskayaw, minmay_temple_entry_proselytizer,
          portal_sewer_entry_f
D:6:      layout_gridville, uniq_menkaure, uniq_sigmund, uniq_crazy_yiuf_cottage
D:7:      layout_cave_pods, nicolae_overflow_crystal_walls,
          grunt_temple_overflow_order_and_chaos_1, serial_rivers,
          chequers_serial_rivers_small_3, chequers_serial_rivers_micro_e,
          chequers_serial_rivers_micro_b, chequers_serial_rivers_micro_c,
          chequers_serial_rivers_small_3, lemuel_mausoleum_altar_kikubaaqudgha
D:8:      nicolae_whirlpool, layout_loops_ring, gammafunk_ghost_hive
D:9:      layout_small_grid, pdpol_wu_jian_five_deadly_venoms,
          uniq_prince_ribbit1, uniq_erolcha, uniq_harold
D:10:     layout_rooms, basic_altar
D:11:     layout_small_grid, dpeg_lair_monsters, orc_0_dummy, enter_bailey_5,
          portal_ice_cave_rime
D:12:     layout_basic
D:13:     layout_loops_ring, david_vaults_1, elyvilon_altar_5
D:14:     layout_roguey, roderic_roman_lattice, nicolae_transmutations_shop,
          uniq_roxanne
D:15:     grunt_enter_depths_magical_seal, layout_loops_ring, roderic_lattice_a
Temple:   jpeg_temple_island

Skill      XL: |  1  2  3  4  5  6  7  8  9 10 11 12 13 14 |
---------------+-------------------------------------------+-----
Long Blades    | 3 4 5 8 9 10 11 12 | 12.8
Dodging        | 3 4 5 7 8 9 10 11 12 | 12.1
Armour         | 1 2 3 7 9 10 11 | 11.8
Fighting       | 3 4 7 8 9 10 11 | 11.8
Evocations     | 1 2 3 |  3.8
Shields        | 1 |  1.1
Throwing       | |  1.7

Action                   |  1- 3 |  4- 6 |  7- 9 | 10-12 | 13-15 || total
-------------------------+-------+-------+-------+-------+-------++-------
Melee: Long sword        |    31 |       |   147 |   873 |       ||  1051
       Short sword       |   163 |   277 |   265 |       |       ||   705
       Falchion          |       |       |       |   487 |   607 ||  1094
       Great sword       |       |       |       |       |   303 ||   303
Throw: Throwing net      |       |     4 |     1 |    10 |     1 ||    16
Evoke: Wand              |       |       |       |    19 |    40 ||    59
  Use: Scroll            |     1 |     5 |    13 |    18 |    14 ||    51
       Potion            |       |     3 |     6 |    11 |     2 ||    22
 Stab: Held in net/web   |       |     2 |       |     3 |       ||     5
       Invisible         |       |       |       |    14 |     2 ||    16
       Paralysed         |       |       |       |     9 |     5 ||    14
Armor: Leather armour    |    56 |    11 |       |       |       ||    67
       Ring mail         |       |   101 |   111 |    16 |       ||   228
       Plate armour      |       |       |       |   593 |       ||   593
       Gold dragon scale |       |       |       |   454 |   719 ||  1173
Dodge: Dodged            |   136 |   215 |   319 |   888 |   392 ||  1950
Block: Buckler           |       |       |       |    68 |   154 ||   222
       Other             |       |       |       |       |    75 ||    75
       Reflection        |       |       |       |       |     4 ||     4
       Rpst.: Long sword |     7 |       |    33 |   159 |       ||   199
       Falchion          |       |       |       |    68 |    43 ||   111
       Great sword       |       |       |       |       |    29 ||    29
